 Dungeon Crawl Stone Soup version 0.26-b1-32-g5d43845318 (webtiles) character file.

Game seed: 3504301801265563883

157 Scotteh the Shield-Bearer (level 5, -5/46 HPs)
             Began as a Minotaur Fighter on Jan 13, 2021.
             Killed by divine providence
             ... invoked by an orc priest
              (12 damage)
             ... on level 4 of the Dungeon.
             The game lasted 00:11:47 (2243 turns).

Scotteh the Shield-Bearer (Minotaur Fighter)        Turns: 2243, Time: 00:11:48

Health: -5/46      AC:  7    Str: 22    XL:     5   Next: 15%
Magic:  4/4        EV:  8    Int:  5    God:
Gold:   170        SH:  9    Dex:  9    Spells: 4/4 levels left

rFire    + . .     SeeInvis .   a - +1 long sword
rCold    . . .     Faith    .   c - +0 kite shield
rNeg     . . .     Spirit   .   b - +0 scale mail
rPois    .         Reflect  .   (helmet restricted)
rElec    .         Harm     .   (no cloak)
rCorr    .         Rampage  .   (no gloves)
Will     .....     Rnd*Rage +   (no boots)
Stlth    ..........             (no amulet)
HPRegen  0.15/turn              (no ring)
MPRegen  0.09/turn              (no ring)

@: mighty
A: retaliatory headbutt, horns 2, berserk 1, fire resistance 1, high mp 1
a: no special abilities


You were on level 4 of the Dungeon.
You visited 1 branch of the dungeon, and saw 4 of its levels.

You collected 170 gold pieces.

Inventory:

Hand Weapons
 a - a +1 long sword (weapon)
 o - a +2 great sword of holy wrath
Missiles
 j - 41 stones (quivered)
Armour
 b - a +0 scale mail (worn)
 c - a +0 kite shield (worn)
Jewellery
 m - an uncursed ring of willpower
 q - an uncursed amulet of magic regeneration
Scrolls
 f - a scroll of amnesia
 g - a scroll of magic mapping
 l - a scroll of teleportation
Potions
 e - a potion of flight
 h - a potion of attraction
 k - a potion of cancellation


   Skills:
 + Level 4.2 Fighting
 + Level 3.4 Long Blades
 + Level 4.7 Armour
 + Level 1.4 Dodging
 + Level 0.6 Stealth
 + Level 4.8 Shields


You had 4 spell levels left.
You didn't know any spells.
Your spell library was empty.

Dungeon Overview and Level Annotations

Branches:
Dungeon (4/15)
 Temple: D:4-7

Altars:
Gozag

Shops:
D:3 *

Annotations:
D:3 Grinder


Innate Abilities, Weirdness & Mutations

You reflexively headbutt those who attack you in melee.
You have a pair of horns on your head.
You tend to lose your temper in combat.
Your flesh is heat resistant. (rF+)
You have an increased reservoir of magic. (+10% MP)


Message History

Found 20 sling bullets.
You slash the orc wizard! You headbutt the orc wizard.
The orc wizard is almost dead.
The orc wizard mumbles some strange words.
The orc wizard seems to speed up.
You closely miss the orc wizard.
The orc wizard is almost dead.
The orc wizard casts a spell at you. The magic dart hits you.
* * * LOW HITPOINT WARNING * * *
An orc wizard comes into view. It is wielding a +0 dagger.
You block the iguana's attack.
A ball python comes into view.
You block the orc wizard's attack.
You slash the orc wizard!
You kill the orc wizard!
The howler monkey hoots and howls with incredible vigour!
The orc priest mumbles some strange prayers to Beogh against you.
Beogh smites you!
You die...

.......
...#.# .
(...#
#.###....
.......#
.Soh.#
#o#.#
#ol###.#.#
##@......#
#..#######
#....o#.#
..#####.#
#.# #..#
##.# #..#
#..# ##.o#
#.## ....
#.#


You could see a howler monkey (catching breath), an iguana, 2 orc priests, 2 orc
wizards and a ball python.

Vanquished Creatures
  An orc wizard (D:4)
  7 gnolls
  4 adders
  2 worms (D:2)
  A leopard gecko (D:1)
  2 orcs
  4 bats
  4 giant cockroaches
  5 goblins
  3 hobgoblins (D:1)
  2 quokkas (D:2)
  9 kobolds
  7 rats
51 creatures vanquished.

Notes
Turn   | Place    | Note
-------+----------+-------------------------------------------
     0 | D:1      | Scotteh the Minotaur Fighter began the quest for the Orb.
     0 | D:1      | Reached XP level 1. HP: 19/19 MP: 0/0
   252 | D:1      | Reached XP level 2. HP: 27/27 MP: 1/1
   649 | D:2      | Reached XP level 3. HP: 20/33 MP: 2/2
   865 | D:2      | Reached XP level 4. HP: 25/40 MP: 3/3
  1366 | D:2      | Found a faded altar of an unknown god.
  1619 | D:3      | Reached skill level 1 in Dodging
  1752 | D:3      | Noticed Grinder
  1752 | D:3      | Paralysed by Grinder for 4 turns
  1766 | D:3      | Paralysed by Grinder for 3 turns
  1806 | D:3      | Paralysed by Grinder for 7 turns
  1852 | D:3      | Found Gozag's Platinum Reserve.
  1854 | D:3      | Found an opulent altar of Gozag.
  1864 | D:3      | Reached XP level 5. HP: 15/46 MP: 4/4
  1884 | D:3      | Gained mutation: You tend to lose your temper in combat.
                  | [potion of mutation]
  1884 | D:3      | Gained mutation: You have an increased reservoir of magic.
                  | (+10% MP) [potion of mutation]
  1884 | D:3      | Gained mutation: Your flesh is heat resistant. (rF+)
                  | [potion of mutation]
  2124 | D:3      | Paralysed by Grinder for 7 turns
  2243 | D:4      | Killed from afar by an orc priest

Illustrated notes

Levels and vault maps discovered:
D:1:      amcnicky_arrival_flooded_fountain, layout_rooms
D:2:      kennysheep_six_static_rooms, layout_rooms,
          chequers_ecumenical_altar_twisty, kennysheep_path_1,
          minmay_misc_feat_x
D:3:      kennysheep_big_flooded_room, layout_basic,
          nicolae_gozag_zags_fifth_avenue, uniq_grinder
D:4:      kennysheep_kobold_camp, layout_loops_ring,
          nicolae_ru_the_path_less_chosen, serial_shops, shop_fountains,
          kennysheep_opposing_triangles

Skill      XL: |  1  2  3  4 |
---------------+-------------+-----
Shields        | 4 |  4.8
Armour         | 4 |  4.7
Fighting       | 4 |  4.2
Long Blades    | 3 |  3.4
Dodging        | 1 |  1.4
Stealth        | |  0.6

Action                   |  1- 3 |  4- 6 || total
-------------------------+-------+-------++-------
Melee: Long sword        |    51 |    79 ||   130
       Headbutt          |     8 |     8 ||    16
  Use: Scroll            |     5 |     8 ||    13
       Potion            |       |     5 ||     5
Armor: Scale mail        |    18 |    30 ||    48
Dodge: Dodged            |    11 |    26 ||    37
Block: Kite shield       |    33 |    41 ||    74
       Rpst.: Long sword |     3 |     7 ||    10
